Stars vs Sharks
Created - December 5, 2024 at 19:37
Goals
|
| Stars |
1 |
1 |
2 |
4 |
| Sharks |
1 |
1 |
0 |
2 |
|
Shots
|
| Stars |
6 |
7 |
15 |
28 |
| Sharks |
12 |
13 |
6 |
31 |
|
1st period
1. Sharks , Mike Lundin 1 (Ronalds Kenins 8, Drew Doughty 17) at 3:59 (PP)
2. Stars , Alex Chiasson 4 (Evgeny Grachev 9, Paul Ladue 6) at 4:39
Penalties :
Michael Grabner (Dal) for Slashing (Minor) at 3:27, Anton Cederholm (Dal) for Delaying the game (Minor) at 10:36, Henrik Borgstrom (Dal) for Roughing (Minor) at 15:57, Mike Lundin (S.J) for Interference (Minor) at 16:37
2nd period
3. Sharks , Beau Bennett 6 (Jeremy Morin 3, Mike Lundin 5) at 6:24
4. Stars , Andrej Sustr 2 (Michael Grabner 13, Jake Guentzel 14) at 10:02
Penalties :
Mike Lundin (S.J) for Hooking (Minor) at 10:09, Ronalds Kenins (S.J) for Roughing (Minor) at 13:47, Paul Ladue (Dal) for Holding (Minor) at 18:44
3rd period
5. Stars , Tobias Rieder 6 (Evgeny Kuznetsov 3) at 10:50
6. Stars , Guillaume Latendresse 3 (Evgeny Grachev 10, Alex Chiasson 6) at 15:18 (PP)
Penalties :
Connor Murphy (S.J) for Tripping (Minor) at 1:51, Zach Parise (S.J) for Cross-checking (Minor) at 15:05
Goalie Stats
Matt Murray (Dal), 29 saves from 31 shots - (0.935), W, 7-6-3, 60:00 minutes
Philipp Grubauer (S.J), 24 saves from 28 shots - (0.857), L, 12-4-3, 60:00 minutes
Players Stats for Stars
Player Name G A P +/- PIM S H SB GA TA FO MP PP MP PK MP
------------------------------------------------------------------------------------
Adam Tambellini 0 0 0 0 0 0 1 0 0 0 0/0 8:43 0:00 0:23
Alex Chiasson 1 1 2 1 0 3 1 0 0 0 0/0 16:23 3:32 0:37
Andrej Sustr 1 0 1 3 0 4 3 0 1 2 0/0 30:05 3:34 3:34
Anton Cederholm 0 0 0 -1 2 0 1 1 1 0 0/0 18:58 1:07 1:50
Ben Chiarot 0 0 0 1 0 1 0 1 0 1 0/0 19:05 3:15 1:36
Brian Lee 0 0 0 -1 0 0 0 2 0 1 0/0 15:31 1:30 0:09
Cam Atkinson 0 0 0 1 0 2 0 0 1 0 0/0 10:37 0:00 0:00
Evgeny Grachev 0 2 2 1 0 2 0 0 1 0 2/8 16:41 3:32 1:15
Evgeny Kuznetsov 0 1 1 1 0 1 0 1 0 0 9/11 10:27 0:00 0:00
Guillaume Latendresse 1 0 1 1 0 1 2 1 0 0 0/0 16:25 3:32 1:13
Henrik Borgstrom 0 0 0 0 2 0 0 0 0 0 0/1 7:01 0:01 0:00
Jake Guentzel 0 1 1 0 0 1 2 0 1 0 2/3 25:03 3:18 3:25
Michael Grabner 0 1 1 0 2 4 1 0 1 1 1/2 20:04 3:17 0:00
Paul Ladue 0 1 1 2 2 3 4 2 1 1 0/0 27:57 3:35 2:23
Scott Kosmachuck 0 0 0 0 0 0 2 0 1 0 0/0 7:39 0:00 0:00
Sidney Crosby 0 0 0 0 0 3 1 0 0 0 16/29 25:06 3:18 3:27
Tobias Rieder 1 0 1 1 0 2 2 0 0 0 0/2 10:35 0:00 0:00
Tyler Wotherspoon 0 0 0 0 0 1 0 1 0 0 0/0 7:07 0:39 0:48
Players Stats for Sharks
Player Name G A P +/- PIM S H SB GA TA FO MP PP MP PK MP
------------------------------------------------------------------------------------
Andreas Martinsen 0 0 0 0 0 1 0 0 0 0 0/0 8:43 0:00 1:05
Beau Bennett 1 0 1 0 0 2 1 1 2 0 1/2 10:22 0:00 0:00
Boone Jenner 0 0 0 -1 0 2 2 1 1 0 4/12 20:29 2:00 3:46
Brendan Gaunce 0 0 0 0 0 3 0 1 0 0 1/3 9:56 0:00 0:00
Connor Murphy 0 0 0 -1 2 0 0 1 0 0 0/0 12:54 0:00 0:00
Conor Sheary 0 0 0 -1 0 3 3 0 0 3 4/5 21:46 3:10 2:14
Drew Doughty 0 1 1 -1 0 2 1 3 3 1 0/0 28:53 3:40 3:39
Jeremy Morin 0 1 1 0 0 1 3 1 0 0 0/0 6:55 0:00 1:19
MacKenzie Weegar 0 0 0 -1 0 1 0 2 0 0 0/0 13:11 0:00 1:22
Markus Nutivaara 0 0 0 0 0 1 0 2 0 0 0/0 18:48 1:30 3:11
Mike Lundin 1 1 2 -1 4 2 2 2 0 2 0/0 27:02 3:39 2:09
Oscar Sundqvist 0 0 0 0 0 0 0 0 0 0 0/2 10:21 0:00 0:00
Ronalds Kenins 0 1 1 -1 2 4 1 2 0 0 0/2 20:57 3:10 1:26
Steven Stamkos 0 0 0 -1 0 3 4 0 0 1 16/30 23:48 3:10 3:50
Tyler Myers 0 0 0 0 0 1 1 2 0 0 0/0 19:48 1:30 3:19
Vince Hinostroza 0 0 0 0 0 0 2 1 0 0 0/0 6:34 0:00 0:00
Wayne Simmonds 0 0 0 -1 0 2 5 1 0 0 0/0 15:40 2:00 0:00
Zach Parise 0 0 0 -1 2 3 2 1 0 1 0/0 15:39 2:00 0:00
3 Stars
1 - Andrej Sustr (Dal)
2 - Alex Chiasson (Dal)
3 - Guillaume Latendresse (Dal)
Power Play
Stars - 1 on 5 Attempt(s) - 20.00%
Sharks - 1 on 4 Attempt(s) - 25.00%
Penalty Kill
Stars - 3 on 4 Attempt(s) - 75.00%
- Score 0 goal in Penalty Kill
Sharks - 4 on 5 Attempt(s) - 80.00%
- Score 0 goal in Penalty Kill
Team Stat
Stars - Hits : 20 - Faceoff Wins : 30 - Blocked Shots : 9 - Penalty Minutes : 8
Sharks - Hits : 27 - Faceoff Wins : 26 - Blocked Shots : 21 - Penalty Minutes : 10
Official
Referees : Chris Schlenker and Wes McCauley
Linesman : Brian Mach and Kiel Murchison
Game Notes
Tyler Wotherspoon is injured at 1:08 of 2nd period (Back Spasms)
Jeremy Morin is injured at 14:44 of 2nd period (Broken Bone (Right Arm))
Finance
Level 1 -- Attendance: 5844 (97.40%) -- Ticket Income $584,400
Level 2 -- Attendance: 5000 (100.00%) -- Ticket Income $350,000
Level 3 -- Attendance: 1839 (91.95%) -- Ticket Income $73,560
Level 4 -- Attendance: 4000 (100.00%) -- Ticket Income $120,000
Luxury Box -- Attendance: 1000 (100.00%) -- Ticket Income $200,000
Game was played at the SAP Center.
Total Attendance: 17683 (98.24%)
Total Ticket Income: $1,327,960
Other Income: $199,194
Total Income: $1,527,154
Stars
5 vs 5 Forward
Center Left Wing Right Wing Time % Phy DF OF
1 Sidney Crosby Jake Guentzel Michael Grabner 40 1 2 2
2 Evgeny Grachev Guillaume Latendresse Alex Chiasson 30 1 2 2
3 Evgeny Kuznetsov Tobias Rieder Cam Atkinson 20 1 2 2
4 Henrik Borgstrom Adam Tambellini Scott Kosmachuck 10 1 2 2
5 vs 5 Defense
Defense Defense Time % Phy DF OF
1 Andrej Sustr Paul Ladue 40 1 2 2
2 Ben Chiarot Tyler Wotherspoon 30 1 2 2
3 Anton Cederholm Brian Lee 20 1 2 2
4 Andrej Sustr Paul Ladue 10 1 2 2
PowerPlay Forward
Center Left Wing Right Wing Time % Phy DF OF
1 Sidney Crosby Jake Guentzel Michael Grabner 60 0 2 3
2 Evgeny Grachev Guillaume Latendresse Alex Chiasson 40 0 2 3
PowerPlay Defense
Defense Defense Time % Phy DF OF
1 Andrej Sustr Paul Ladue 60 1 2 2
2 Ben Chiarot Tyler Wotherspoon 40 1 2 2
Penalty Kill 4 Players Forward
Center Wing Time % Phy DF OF
1 Sidney Crosby Jake Guentzel 60 1 2 2
2 Evgeny Grachev Guillaume Latendresse 40 1 2 2
Penalty Kill 4 Players Defense
Defense Defense Time % Phy DF OF
1 Andrej Sustr Paul Ladue 60 0 3 2
2 Ben Chiarot Tyler Wotherspoon 40 0 3 2
Penalty Kill - 3 Players Forward
Forward Time % Phy DF OF
1 Sidney Crosby 60 1 2 2
2 Evgeny Grachev 40 1 2 2
Penalty Kill - 3 Players Defense
Defense Defense Time % Phy DF OF
1 Andrej Sustr Paul Ladue 60 0 3 2
2 Ben Chiarot Tyler Wotherspoon 40 0 3 2
4 vs 4 Forward
Center Wing Time % Phy DF OF
1 Sidney Crosby Jake Guentzel 60 0 2 3
2 Evgeny Grachev Guillaume Latendresse 40 0 2 3
4 vs 4 Defense
Defense Defense Time % Phy DF OF
1 Andrej Sustr Paul Ladue 60 1 2 2
2 Ben Chiarot Tyler Wotherspoon 40 1 2 2
Last Minutes Offensive
Center Left Wing Right Wing Defense Defense
Sidney Crosby Jake Guentzel Michael Grabner Andrej Sustr Paul Ladue
Last Minutes Defensive
Center Left Wing Right Wing Defense Defense
Sidney Crosby Jake Guentzel Michael Grabner Andrej Sustr Paul Ladue
Goaltenders
Starting : Matt Murray
Backup : Michael Houser
Extra Forwards
Normal : Alex Chiasson, Tobias Rieder, Evgeny Grachev - PP : Alex Chiasson, Tobias Rieder - PK : Alex Chiasson
Extra Defensemen
Normal : Tyler Wotherspoon, Anton Cederholm, Brian Lee - PP : Tyler Wotherspoon - PK : Tyler Wotherspoon, Anton Cederholm
Penalty Shots
Sidney Crosby, Jake Guentzel, Michael Grabner, Guillaume Latendresse, Alex Chiasson
Custom OT Lines Forwards
Sidney Crosby, Jake Guentzel, Michael Grabner, Guillaume Latendresse, Alex Chiasson, Tobias Rieder, Evgeny Grachev, Cam Atkinson, Scott Kosmachuck, Evgeny Kuznetsov
Custom OT Lines Defensemen
Andrej Sustr, Paul Ladue, Ben Chiarot, Tyler Wotherspoon, Anton Cederholm
Scratches
Ilya Mikheyev (Healthy), Wiley Sherman (Healthy)
Sharks
5 vs 5 Forward
Center Left Wing Right Wing Time % Phy DF OF
1 Steven Stamkos Ronalds Kenins Conor Sheary 40 1 2 2
2 Boone Jenner Zach Parise Wayne Simmonds 30 1 2 2
3 Oscar Sundqvist Jeremy Morin Beau Bennett 20 1 2 2
4 Brendan Gaunce Andreas Martinsen Vince Hinostroza 10 1 2 2
5 vs 5 Defense
Defense Defense Time % Phy DF OF
1 Drew Doughty Mike Lundin 40 1 2 2
2 Tyler Myers Markus Nutivaara 30 1 2 2
3 Connor Murphy MacKenzie Weegar 20 1 2 2
4 Drew Doughty Mike Lundin 10 1 2 2
PowerPlay Forward
Center Left Wing Right Wing Time % Phy DF OF
1 Steven Stamkos Ronalds Kenins Conor Sheary 60 1 2 2
2 Boone Jenner Zach Parise Wayne Simmonds 40 1 2 2
PowerPlay Defense
Defense Defense Time % Phy DF OF
1 Drew Doughty Mike Lundin 60 1 2 2
2 Tyler Myers Markus Nutivaara 40 1 2 2
Penalty Kill 4 Players Forward
Center Wing Time % Phy DF OF
1 Steven Stamkos Boone Jenner 60 1 2 2
2 Conor Sheary Ronalds Kenins 40 1 2 2
Penalty Kill 4 Players Defense
Defense Defense Time % Phy DF OF
1 Drew Doughty Mike Lundin 60 1 2 2
2 Tyler Myers Markus Nutivaara 40 1 2 2
Penalty Kill - 3 Players Forward
Forward Time % Phy DF OF
1 Steven Stamkos 60 1 2 2
2 Boone Jenner 40 1 2 2
Penalty Kill - 3 Players Defense
Defense Defense Time % Phy DF OF
1 Drew Doughty Mike Lundin 60 1 2 2
2 Tyler Myers Markus Nutivaara 40 1 2 2
4 vs 4 Forward
Center Wing Time % Phy DF OF
1 Steven Stamkos Boone Jenner 60 1 2 2
2 Conor Sheary Ronalds Kenins 40 1 2 2
4 vs 4 Defense
Defense Defense Time % Phy DF OF
1 Drew Doughty Mike Lundin 60 1 2 2
2 Tyler Myers Markus Nutivaara 40 1 2 2
Last Minutes Offensive
Center Left Wing Right Wing Defense Defense
Steven Stamkos Ronalds Kenins Conor Sheary Drew Doughty Mike Lundin
Last Minutes Defensive
Center Left Wing Right Wing Defense Defense
Steven Stamkos Ronalds Kenins Conor Sheary Drew Doughty Mike Lundin
Goaltenders
Starting : Philipp Grubauer
Backup : Malcolm Subban
Extra Forwards
Normal : Oscar Sundqvist, Brendan Gaunce, Jeremy Morin - PP : Oscar Sundqvist, Brendan Gaunce - PK : Jeremy Morin
Extra Defensemen
Normal : Connor Murphy, MacKenzie Weegar, Tyler Myers - PP : Connor Murphy - PK : MacKenzie Weegar, Tyler Myers
Penalty Shots
Steven Stamkos, Boone Jenner, Conor Sheary, Ronalds Kenins, Oscar Sundqvist
Custom OT Lines Forwards
Steven Stamkos, Boone Jenner, Conor Sheary, Ronalds Kenins, Oscar Sundqvist, Zach Parise, Wayne Simmonds, Brendan Gaunce, Jeremy Morin, Beau Bennett
Custom OT Lines Defensemen
Drew Doughty, Mike Lundin, Tyler Myers, Markus Nutivaara, Connor Murphy
Scratches
Gustav Nyquist (Healthy), Logan Stanley (Healthy)
% Time on Ice - Stars
Lines # - Real PCT - Wanted PCT - Time Play
Normal Forward
1 - 40% - 40% - 18:29
2 - 26% - 30% - 11:56
3 - 21% - 20% - 9:36
4 - 14% - 10% - 6:40
Normal Defense
1 - 39% - 40% - 18:18
2 - 36% - 30% - 16:36
3 - 23% - 20% - 10:39
4 - 2% - 10% - 1:08
PP Forward
1 - 48% - 60% - 3:18
2 - 52% - 40% - 3:32
PP Defense
1 - 52% - 60% - 3:35
2 - 48% - 40% - 3:15
PK Forward
1 - 76% - 60% - 3:57
2 - 24% - 40% - 1:13
PK Defense
1 - 69% - 60% - 3:34
2 - 31% - 40% - 1:36
PK3 Forward
1 - 0% - 60%
2 - 0% - 40%
PK3 Defense
1 - 0% - 60%
2 - 0% - 40%
44 Forward
1 - 75% - 60% - 0:59
2 - 25% - 40% - 0:20
44 Defense
1 - 100% - 60% - 1:19
2 - 0% - 40% - 0:00
Last Minute Offensive - 0:00
Last Minute Defensive - 0:00
Total
Forward - 60:00
Defense - 60:00
|
% Time on Ice - Sharks
Lines # - Real PCT - Wanted PCT - Time Play
Normal Forward
1 - 36% - 40% - 16:39
2 - 31% - 30% - 14:24
3 - 20% - 20% - 9:25
4 - 13% - 10% - 6:13
Normal Defense
1 - 42% - 40% - 19:33
2 - 30% - 30% - 14:02
3 - 25% - 20% - 11:32
4 - 3% - 10% - 1:34
PP Forward
1 - 61% - 60% - 3:10
2 - 39% - 40% - 2:00
PP Defense
1 - 71% - 60% - 3:40
2 - 29% - 40% - 1:30
PK Forward
1 - 67% - 60% - 4:36
2 - 33% - 40% - 2:14
PK Defense
1 - 53% - 60% - 3:39
2 - 47% - 40% - 3:11
PK3 Forward
1 - 0% - 60%
2 - 0% - 40%
PK3 Defense
1 - 0% - 60%
2 - 0% - 40%
44 Forward
1 - 75% - 60% - 0:59
2 - 25% - 40% - 0:20
44 Defense
1 - 94% - 60% - 1:14
2 - 6% - 40% - 0:05
Last Minute Offensive - 0:00
Last Minute Defensive - 0:00
Total
Forward - 60:00
Defense - 60:00
|
Play-by-Play
1st period
0:01 of 1st period - Sidney Crosby wins face-off versus Steven Stamkos in neutral zone.
0:58 of 1st period - Andrej Sustr is hit by Beau Bennett and loses puck.
1:15 of 1st period - Wrist shot by Scott Kosmachuck.
1:15 of 1st period - Shot Blocked by Connor Murphy.
1:17 of 1st period - Slapshot by Andrej Sustr.
1:17 of 1st period - Shot Blocked by MacKenzie Weegar.
2:26 of 1st period - Snap shot by Jeremy Morin.
2:26 of 1st period - Deflect By Guillaume Latendresse.
2:26 of 1st period - Shot Blocked by Ben Chiarot.
2:26 of 1st period - Puck is out of play.
2:27 of 1st period - Sidney Crosby wins face-off versus Steven Stamkos in Stars zone.
2:38 of 1st period - Snap shot by Sidney Crosby.
2:38 of 1st period - Shot Misses the Net.
2:54 of 1st period - Brian Lee is hit by Zach Parise.
3:00 of 1st period - Snap shot by Zach Parise.
3:00 of 1st period - Stopped by Matt Murray without a rebound.
3:01 of 1st period - Evgeny Kuznetsov wins face-off versus Boone Jenner in Stars zone.
3:10 of 1st period - Slapshot by Boone Jenner.
3:10 of 1st period - Shot Misses the Net.
3:27 of 1st period - Minor Penalty to Michael Grabner for Slashing.
3:28 of 1st period - Jake Guentzel wins face-off versus Ronalds Kenins in Stars zone.
3:57 of 1st period - Snap shot by Ronalds Kenins.
3:57 of 1st period - Shot Blocked by Guillaume Latendresse.
3:59 of 1st period - Wrist shot by Mike Lundin.
3:59 of 1st period - Deflect By Paul Ladue.
3:59 of 1st period - Goal by Mike Lundin - Stars : 0 - Sharks : 1.
4:00 of 1st period - Sidney Crosby wins face-off versus Steven Stamkos in neutral zone.
4:37 of 1st period - Snap shot by Alex Chiasson.
4:37 of 1st period - Shot Blocked by Drew Doughty.
4:39 of 1st period - Slapshot by Alex Chiasson.
4:39 of 1st period - Goal by Alex Chiasson - Stars : 1 - Sharks : 1.
4:40 of 1st period - Steven Stamkos wins face-off versus Sidney Crosby in neutral zone.
5:25 of 1st period - Slapshot by Sidney Crosby.
5:25 of 1st period - Deflect By Michael Grabner.
5:25 of 1st period - Shot Blocked by Tyler Myers.
5:25 of 1st period - Puck is out of play.
5:26 of 1st period - Evgeny Grachev wins face-off versus Boone Jenner in Sharks zone.
5:35 of 1st period - Slapshot by Drew Doughty.
5:35 of 1st period - Stopped by Matt Murray with a rebound.
5:37 of 1st period - Slapshot by Mike Lundin.
5:37 of 1st period - Shot Hit the Post.
5:39 of 1st period - Slapshot by Drew Doughty.
5:39 of 1st period - Deflect By Boone Jenner.
5:39 of 1st period - Stopped by Matt Murray with a rebound.
6:05 of 1st period - Snap shot by Beau Bennett.
6:05 of 1st period - Shot Misses the Net.
6:07 of 1st period - Slapshot by Tyler Myers.
6:07 of 1st period - Stopped by Matt Murray without a rebound.
6:08 of 1st period - Steven Stamkos wins face-off versus Evgeny Kuznetsov in Stars zone.
6:09 of 1st period - Slapshot by Conor Sheary.
6:09 of 1st period - Deflect By Tobias Rieder.
6:09 of 1st period - Shot Misses the Net.
6:09 of 1st period - Puck is out of play.
6:10 of 1st period - Steven Stamkos wins face-off versus Tobias Rieder in Stars zone.
6:17 of 1st period - Snap shot by Steven Stamkos.
6:17 of 1st period - Shot Misses the Net.
6:19 of 1st period - Snap shot by Ronalds Kenins.
6:19 of 1st period - Stopped by Matt Murray without a rebound.
6:20 of 1st period - Steven Stamkos wins face-off versus Henrik Borgstrom in Stars zone.
6:33 of 1st period - Backhand shot by Steven Stamkos.
6:33 of 1st period - Stopped by Matt Murray without a rebound.
6:34 of 1st period - Evgeny Kuznetsov wins face-off versus Boone Jenner in Stars zone.
6:41 of 1st period - Wrist shot by Tobias Rieder.
6:41 of 1st period - Stopped by Philipp Grubauer with a rebound.
7:01 of 1st period - Conor Sheary is hit by Paul Ladue and loses puck.
7:38 of 1st period - Evgeny Grachev is hit by Jeremy Morin and loses puck.
8:03 of 1st period - Paul Ladue is hit by Vince Hinostroza and loses puck.
8:22 of 1st period - Slapshot by Sidney Crosby.
8:22 of 1st period - Shot Blocked by Zach Parise.
8:24 of 1st period - Snap shot by Michael Grabner.
8:24 of 1st period - Deflect By Sidney Crosby.
8:24 of 1st period - Shot Misses the Net.
8:24 of 1st period - Puck is out of play.
8:25 of 1st period - Evgeny Kuznetsov wins face-off versus Steven Stamkos in Sharks zone.
8:34 of 1st period - Snap shot by Evgeny Kuznetsov.
8:34 of 1st period - Shot Blocked by Ronalds Kenins.
8:36 of 1st period - Snap shot by Tyler Wotherspoon.
8:36 of 1st period - Stopped by Philipp Grubauer with a rebound.
9:49 of 1st period - Andreas Martinsen is hit by Adam Tambellini and loses puck.
10:19 of 1st period - Jake Guentzel is hit by Wayne Simmonds and loses puck.
10:36 of 1st period - Minor Penalty to Anton Cederholm for Delaying the game.
10:37 of 1st period - Conor Sheary wins face-off versus Sidney Crosby in Stars zone.
10:38 of 1st period - Snap shot by Ronalds Kenins.
10:38 of 1st period - Shot Misses the Net.
10:40 of 1st period - Wrist shot by Ronalds Kenins.
10:40 of 1st period - Stopped by Matt Murray without a rebound.
10:41 of 1st period - Sidney Crosby wins face-off versus Steven Stamkos in Stars zone.
11:08 of 1st period - Sidney Crosby is hit by Wayne Simmonds and loses puck.
11:23 of 1st period - Tyler Wotherspoon is hit by Boone Jenner and loses puck.
12:36 of 1st period - Penalty to Anton Cederholm is over, Anton Cederholm is back on ice.
12:48 of 1st period - Wrist shot by Brendan Gaunce.
12:48 of 1st period - Shot Misses the Net.
12:50 of 1st period - Slapshot by MacKenzie Weegar.
12:50 of 1st period - Stopped by Matt Murray without a rebound.
12:51 of 1st period - Brendan Gaunce wins face-off versus Tobias Rieder in Stars zone.
12:54 of 1st period - Snap shot by Brendan Gaunce.
12:54 of 1st period - Shot Misses the Net.
13:36 of 1st period - Andrej Sustr is hit by Wayne Simmonds.
14:06 of 1st period - Guillaume Latendresse is hit by Conor Sheary and loses puck.
14:19 of 1st period - Brendan Gaunce is hit by Tobias Rieder and loses puck.
14:28 of 1st period - Slapshot by Cam Atkinson.
14:28 of 1st period - Shot Blocked by Brendan Gaunce.
14:38 of 1st period - Tyler Myers is hit by Andrej Sustr.
14:48 of 1st period - Wrist shot by Brendan Gaunce.
14:48 of 1st period - Stopped by Matt Murray with a rebound.
15:07 of 1st period - Wrist shot by Brendan Gaunce.
15:07 of 1st period - Stopped by Matt Murray with a rebound.
15:44 of 1st period - Snap shot by Ben Chiarot.
15:44 of 1st period - Deflect By Markus Nutivaara.
15:44 of 1st period - Stopped by Philipp Grubauer with a rebound.
15:57 of 1st period - Minor Penalty to Henrik Borgstrom for Roughing.
15:58 of 1st period - Boone Jenner wins face-off versus Sidney Crosby in Stars zone.
16:09 of 1st period - Wrist shot by Boone Jenner.
16:09 of 1st period - Deflect By Zach Parise.
16:09 of 1st period - Stopped by Matt Murray without a rebound.
16:10 of 1st period - Steven Stamkos wins face-off versus Sidney Crosby in Stars zone.
16:37 of 1st period - Minor Penalty to Mike Lundin for Interference.
16:38 of 1st period - Sidney Crosby wins face-off versus Steven Stamkos in Sharks zone.
16:43 of 1st period - Wrist shot by Sidney Crosby.
16:43 of 1st period - Shot Misses the Net.
16:45 of 1st period - Slapshot by Andrej Sustr.
16:45 of 1st period - Deflect By Steven Stamkos.
16:45 of 1st period - Stopped by Philipp Grubauer without a rebound.
16:46 of 1st period - Sidney Crosby wins face-off versus Steven Stamkos in Sharks zone.
16:49 of 1st period - Snap shot by Sidney Crosby.
16:49 of 1st period - Stopped by Philipp Grubauer with a rebound.
16:51 of 1st period - Snap shot by Jake Guentzel.
16:51 of 1st period - Shot Misses the Net.
16:53 of 1st period - Slapshot by Paul Ladue.
16:53 of 1st period - Shot Blocked by Boone Jenner.
16:55 of 1st period - Snap shot by Sidney Crosby.
16:55 of 1st period - Shot Misses the Net.
17:03 of 1st period - Slapshot by Drew Doughty.
17:03 of 1st period - Deflect By Steven Stamkos.
17:03 of 1st period - Shot Misses the Net.
17:03 of 1st period - Puck is out of play.
17:04 of 1st period - Steven Stamkos wins face-off versus Sidney Crosby in Stars zone.
17:11 of 1st period - Drew Doughty is hit by Jake Guentzel and loses puck.
17:20 of 1st period - Paul Ladue is hit by Boone Jenner.
17:40 of 1st period - Wrist shot by Andrej Sustr.
17:40 of 1st period - Shot Misses the Net.
17:57 of 1st period - Penalty to Henrik Borgstrom is over, Henrik Borgstrom is back on ice.
18:37 of 1st period - Penalty to Mike Lundin is over, Mike Lundin is back on ice.
18:51 of 1st period - Cam Atkinson is hit by Jeremy Morin and loses puck.
18:58 of 1st period - Snap shot by Jeremy Morin.
18:58 of 1st period - Shot Misses the Net.
Goals for this period are 1 for Stars vs 1 for Sharks.
Shots for this period are 6 for Stars vs 12 for Sharks.
2nd period
0:01 of 2nd period - Steven Stamkos wins face-off versus Sidney Crosby in neutral zone.
0:04 of 2nd period - Slapshot by Drew Doughty.
0:04 of 2nd period - Stopped by Matt Murray without a rebound.
0:05 of 2nd period - Steven Stamkos wins face-off versus Sidney Crosby in Stars zone.
0:12 of 2nd period - Snap shot by Ronalds Kenins.
0:12 of 2nd period - Stopped by Matt Murray without a rebound.
0:13 of 2nd period - Sidney Crosby wins face-off versus Steven Stamkos in Stars zone.
0:13 of 2nd period - Sidney Crosby is hit by Mike Lundin.
0:19 of 2nd period - Wrist shot by Steven Stamkos.
0:19 of 2nd period - Shot Blocked by Paul Ladue.
0:27 of 2nd period - Slapshot by Paul Ladue.
0:27 of 2nd period - Shot Misses the Net.
0:29 of 2nd period - Snap shot by Sidney Crosby.
0:29 of 2nd period - Shot Misses the Net.
0:39 of 2nd period - Guillaume Latendresse is hit by Wayne Simmonds and loses puck.
1:08 of 2nd period - Snap shot by Brendan Gaunce.
1:08 of 2nd period - Shot Blocked by Tyler Wotherspoon.
1:08 of 2nd period - Tyler Wotherspoon from Stars is injured at 1:08 of 2nd period (Back Spasms).
1:09 of 2nd period - Conor Sheary wins face-off versus Sidney Crosby in Stars zone.
1:36 of 2nd period - Zach Parise is hit by Paul Ladue and loses puck.
2:01 of 2nd period - Wrist shot by Cam Atkinson.
2:01 of 2nd period - Shot Blocked by Markus Nutivaara.
2:03 of 2nd period - Wrist shot by Evgeny Kuznetsov.
2:03 of 2nd period - Shot Blocked by Tyler Myers.
2:23 of 2nd period - Wrist shot by Conor Sheary.
2:23 of 2nd period - Stopped by Matt Murray with a rebound.
2:41 of 2nd period - Anton Cederholm is hit by Wayne Simmonds and loses puck.
3:02 of 2nd period - Adam Tambellini is hit by Vince Hinostroza and loses puck.
3:23 of 2nd period - Slapshot by Conor Sheary.
3:23 of 2nd period - Stopped by Matt Murray with a rebound.
3:25 of 2nd period - Wrist shot by Steven Stamkos.
3:25 of 2nd period - Stopped by Matt Murray with a rebound.
3:27 of 2nd period - Slapshot by Conor Sheary.
3:27 of 2nd period - Stopped by Matt Murray with a rebound.
3:29 of 2nd period - Slapshot by Mike Lundin.
3:29 of 2nd period - Stopped by Matt Murray with a rebound.
3:31 of 2nd period - Slapshot by Ronalds Kenins.
3:31 of 2nd period - Shot Misses the Net.
4:17 of 2nd period - Wrist shot by Evgeny Grachev.
4:17 of 2nd period - Stopped by Philipp Grubauer with a rebound.
4:48 of 2nd period - Slapshot by Brendan Gaunce.
4:48 of 2nd period - Stopped by Matt Murray without a rebound.
4:49 of 2nd period - Sidney Crosby wins face-off versus Brendan Gaunce in Stars zone.
5:16 of 2nd period - Tobias Rieder is hit by Steven Stamkos and loses puck.
5:47 of 2nd period - Andrej Sustr is hit by Mike Lundin and loses puck.
5:56 of 2nd period - Boone Jenner is hit by Paul Ladue and loses puck.
6:08 of 2nd period - Off-side.
6:09 of 2nd period - Sidney Crosby wins face-off versus Oscar Sundqvist in neutral zone.
6:20 of 2nd period - Wrist shot by Beau Bennett.
6:20 of 2nd period - Stopped by Matt Murray with a rebound.
6:22 of 2nd period - Snap shot by Jeremy Morin.
6:22 of 2nd period - Stopped by Matt Murray with a rebound.
6:24 of 2nd period - Snap shot by Beau Bennett.
6:24 of 2nd period - Goal by Beau Bennett - Stars : 1 - Sharks : 2.
6:25 of 2nd period - Steven Stamkos wins face-off versus Michael Grabner in neutral zone.
6:51 of 2nd period - Jake Guentzel is hit by Jeremy Morin and loses puck.
6:58 of 2nd period - Mike Lundin is hit by Sidney Crosby and loses puck.
7:09 of 2nd period - Snap shot by Michael Grabner.
7:09 of 2nd period - Stopped by Philipp Grubauer without a rebound.
7:10 of 2nd period - Steven Stamkos wins face-off versus Evgeny Grachev in Sharks zone.
7:10 of 2nd period - Steven Stamkos is hit by Paul Ladue.
7:16 of 2nd period - Guillaume Latendresse is hit by Steven Stamkos and loses puck.
7:47 of 2nd period - Snap shot by Wayne Simmonds.
7:47 of 2nd period - Stopped by Matt Murray without a rebound.
7:48 of 2nd period - Sidney Crosby wins face-off versus Boone Jenner in Stars zone.
8:13 of 2nd period - Ben Chiarot is hit by Steven Stamkos and loses puck.
8:41 of 2nd period - Jeremy Morin is hit by Andrej Sustr and loses puck.
8:56 of 2nd period - Connor Murphy is hit by Michael Grabner and loses puck.
9:25 of 2nd period - Connor Murphy is hit by Scott Kosmachuck and loses puck.
9:42 of 2nd period - Slapshot by Alex Chiasson.
9:42 of 2nd period - Shot Blocked by Markus Nutivaara.
9:44 of 2nd period - Slapshot by Ben Chiarot.
9:44 of 2nd period - Deflect By Guillaume Latendresse.
9:44 of 2nd period - Shot Misses the Net.
9:44 of 2nd period - Puck is out of play.
9:45 of 2nd period - Sidney Crosby wins face-off versus Steven Stamkos in Sharks zone.
9:54 of 2nd period - Slapshot by Jake Guentzel.
9:54 of 2nd period - Shot Misses the Net.
9:56 of 2nd period - Wrist shot by Michael Grabner.
9:56 of 2nd period - Shot Misses the Net.
9:58 of 2nd period - Slapshot by Andrej Sustr.
9:58 of 2nd period - Shot Blocked by Ronalds Kenins.
10:00 of 2nd period - Wrist shot by Michael Grabner.
10:00 of 2nd period - Stopped by Philipp Grubauer with a rebound.
10:02 of 2nd period - Slapshot by Andrej Sustr.
10:02 of 2nd period - Goal by Andrej Sustr - Stars : 2 - Sharks : 2.
10:03 of 2nd period - Sidney Crosby wins face-off versus Ronalds Kenins in neutral zone.
10:09 of 2nd period - Minor Penalty to Mike Lundin for Hooking.
10:10 of 2nd period - Steven Stamkos wins face-off versus Sidney Crosby in Sharks zone.
10:18 of 2nd period - Boone Jenner is hit by Jake Guentzel.
12:09 of 2nd period - Penalty to Mike Lundin is over, Mike Lundin is back on ice.
12:16 of 2nd period - Slapshot by Paul Ladue.
12:16 of 2nd period - Stopped by Philipp Grubauer without a rebound.
12:17 of 2nd period - Evgeny Kuznetsov wins face-off versus Beau Bennett in Sharks zone.
12:47 of 2nd period - Off-side.
12:48 of 2nd period - Boone Jenner wins face-off versus Sidney Crosby in neutral zone.
13:02 of 2nd period - Slapshot by Andrej Sustr.
13:02 of 2nd period - Shot Blocked by Mike Lundin.
13:20 of 2nd period - Wrist shot by Alex Chiasson.
13:20 of 2nd period - Stopped by Philipp Grubauer with a rebound.
13:34 of 2nd period - Slapshot by Anton Cederholm.
13:34 of 2nd period - Shot Blocked by Beau Bennett.
13:36 of 2nd period - Slapshot by Ben Chiarot.
13:36 of 2nd period - Shot Blocked by MacKenzie Weegar.
13:38 of 2nd period - Slapshot by Anton Cederholm.
13:38 of 2nd period - Shot Misses the Net.
13:40 of 2nd period - Snap shot by Ben Chiarot.
13:40 of 2nd period - Shot Blocked by Jeremy Morin.
13:42 of 2nd period - Snap shot by Cam Atkinson.
13:42 of 2nd period - Stopped by Philipp Grubauer without a rebound.
13:43 of 2nd period - Jake Guentzel wins face-off versus Steven Stamkos in Sharks zone.
13:47 of 2nd period - Minor Penalty to Ronalds Kenins for Roughing.
13:48 of 2nd period - Sidney Crosby wins face-off versus Steven Stamkos in Sharks zone.
14:23 of 2nd period - Wrist shot by Markus Nutivaara.
14:23 of 2nd period - Stopped by Matt Murray without a rebound.
14:24 of 2nd period - Conor Sheary wins face-off versus Evgeny Grachev in Stars zone.
14:43 of 2nd period - Jeremy Morin is hit by Andrej Sustr.
14:44 of 2nd period - Jeremy Morin from Sharks is injured at 14:44 of 2nd period (Broken Bone (Right Arm)).
14:45 of 2nd period - Sidney Crosby wins face-off versus Steven Stamkos in Sharks zone.
15:47 of 2nd period - Penalty to Ronalds Kenins is over, Ronalds Kenins is back on ice.
16:07 of 2nd period - Ben Chiarot is hit by Drew Doughty and loses puck.
16:18 of 2nd period - Slapshot by Henrik Borgstrom.
16:18 of 2nd period - Shot Misses the Net.
17:24 of 2nd period - Wrist shot by Cam Atkinson.
17:24 of 2nd period - Shot Misses the Net.
17:30 of 2nd period - Snap shot by Tobias Rieder.
17:30 of 2nd period - Shot Misses the Net.
18:19 of 2nd period - Mike Lundin is hit by Guillaume Latendresse and loses puck.
18:44 of 2nd period - Minor Penalty to Paul Ladue for Holding.
18:45 of 2nd period - Sidney Crosby wins face-off versus Steven Stamkos in Stars zone.
18:45 of 2nd period - Sidney Crosby is hit by Tyler Myers.
19:22 of 2nd period - Wayne Simmonds is hit by Anton Cederholm and loses puck.
19:29 of 2nd period - Jake Guentzel is hit by Zach Parise and loses puck.
Goals for this period are 1 for Stars vs 1 for Sharks.
Shots for this period are 7 for Stars vs 13 for Sharks.
3rd period
0:01 of 3rd period - Steven Stamkos wins face-off versus Sidney Crosby in neutral zone.
0:06 of 3rd period - Jake Guentzel is hit by Ronalds Kenins and loses puck.
0:15 of 3rd period - Slapshot by Conor Sheary.
0:15 of 3rd period - Shot Blocked by Anton Cederholm.
0:44 of 3rd period - Penalty to Paul Ladue is over, Paul Ladue is back on ice.
0:55 of 3rd period - Slapshot by Jake Guentzel.
0:55 of 3rd period - Shot Misses the Net.
1:41 of 3rd period - Wrist shot by Evgeny Kuznetsov.
1:41 of 3rd period - Stopped by Philipp Grubauer with a rebound.
1:43 of 3rd period - Slapshot by Anton Cederholm.
1:43 of 3rd period - Shot Misses the Net.
1:45 of 3rd period - Slapshot by Andrej Sustr.
1:45 of 3rd period - Shot Misses the Net.
1:51 of 3rd period - Minor Penalty to Connor Murphy for Tripping.
1:52 of 3rd period - Steven Stamkos wins face-off versus Evgeny Grachev in Sharks zone.
2:01 of 3rd period - Snap shot by Drew Doughty.
2:01 of 3rd period - Shot Blocked by Brian Lee.
2:03 of 3rd period - Snap shot by Steven Stamkos.
2:03 of 3rd period - Deflect By Boone Jenner.
2:03 of 3rd period - Stopped by Matt Murray with a rebound.
2:05 of 3rd period - Snap shot by Steven Stamkos.
2:05 of 3rd period - Stopped by Matt Murray with a rebound.
2:07 of 3rd period - Wrist shot by Boone Jenner.
2:07 of 3rd period - Shot Misses the Net.
2:50 of 3rd period - Icing by Guillaume Latendresse.
2:51 of 3rd period - Conor Sheary wins face-off versus Evgeny Grachev in Stars zone.
3:19 of 3rd period - Slapshot by Evgeny Grachev.
3:19 of 3rd period - Shot Blocked by Mike Lundin.
3:21 of 3rd period - Snap shot by Evgeny Grachev.
3:21 of 3rd period - Stopped by Philipp Grubauer without a rebound.
3:22 of 3rd period - Steven Stamkos wins face-off versus Jake Guentzel in Sharks zone.
3:51 of 3rd period - Penalty to Connor Murphy is over, Connor Murphy is back on ice.
3:54 of 3rd period - Wrist shot by Brendan Gaunce.
3:54 of 3rd period - Shot Misses the Net.
4:04 of 3rd period - Wrist shot by Michael Grabner.
4:04 of 3rd period - Stopped by Philipp Grubauer with a rebound.
4:06 of 3rd period - Snap shot by Jake Guentzel.
4:06 of 3rd period - Stopped by Philipp Grubauer with a rebound.
4:08 of 3rd period - Slapshot by Paul Ladue.
4:08 of 3rd period - Stopped by Philipp Grubauer with a rebound.
4:10 of 3rd period - Slapshot by Paul Ladue.
4:10 of 3rd period - Stopped by Philipp Grubauer with a rebound.
4:26 of 3rd period - Snap shot by Sidney Crosby.
4:26 of 3rd period - Shot Misses the Net.
4:28 of 3rd period - Slapshot by Paul Ladue.
4:28 of 3rd period - Shot Misses the Net.
4:30 of 3rd period - Slapshot by Andrej Sustr.
4:30 of 3rd period - Shot Misses the Net.
4:32 of 3rd period - Backhand shot by Andrej Sustr.
4:32 of 3rd period - Stopped by Philipp Grubauer with a rebound.
4:36 of 3rd period - Backhand shot by Sidney Crosby.
4:36 of 3rd period - Stopped by Philipp Grubauer without a rebound.
4:37 of 3rd period - Steven Stamkos wins face-off versus Evgeny Grachev in Sharks zone.
4:37 of 3rd period - Steven Stamkos is hit by Alex Chiasson.
4:43 of 3rd period - Evgeny Grachev is hit by Conor Sheary and loses puck.
5:23 of 3rd period - Tyler Myers is hit by Scott Kosmachuck and loses puck.
5:38 of 3rd period - Conor Sheary is hit by Guillaume Latendresse and loses puck.
5:57 of 3rd period - Andreas Martinsen is hit by Tobias Rieder and loses puck.
6:36 of 3rd period - Snap shot by Cam Atkinson.
6:36 of 3rd period - Stopped by Philipp Grubauer without a rebound.
6:37 of 3rd period - Evgeny Kuznetsov wins face-off versus Boone Jenner in Sharks zone.
6:38 of 3rd period - Wrist shot by Tobias Rieder.
6:38 of 3rd period - Shot Blocked by Wayne Simmonds.
6:44 of 3rd period - Slapshot by Mike Lundin.
6:44 of 3rd period - Shot Blocked by Evgeny Kuznetsov.
6:46 of 3rd period - Snap shot by Wayne Simmonds.
6:46 of 3rd period - Stopped by Matt Murray with a rebound.
6:48 of 3rd period - Wrist shot by Zach Parise.
6:48 of 3rd period - Stopped by Matt Murray without a rebound.
6:49 of 3rd period - Steven Stamkos wins face-off versus Sidney Crosby in Stars zone.
7:00 of 3rd period - Snap shot by Steven Stamkos.
7:00 of 3rd period - Deflect By Ronalds Kenins.
7:00 of 3rd period - Shot Blocked by Paul Ladue.
7:00 of 3rd period - Puck is out of play.
7:01 of 3rd period - Sidney Crosby wins face-off versus Steven Stamkos in Stars zone.
7:17 of 3rd period - Snap shot by Michael Grabner.
7:17 of 3rd period - Stopped by Philipp Grubauer with a rebound.
8:25 of 3rd period - Sidney Crosby is hit by Conor Sheary and loses puck.
9:11 of 3rd period - Wrist shot by Steven Stamkos.
9:11 of 3rd period - Shot Blocked by Brian Lee.
9:21 of 3rd period - Snap shot by Steven Stamkos.
9:21 of 3rd period - Shot Misses the Net.
9:36 of 3rd period - Slapshot by Ronalds Kenins.
9:36 of 3rd period - Stopped by Matt Murray with a rebound.
9:53 of 3rd period - Off-side.
9:54 of 3rd period - Boone Jenner wins face-off versus Evgeny Grachev in neutral zone.
10:40 of 3rd period - Snap shot by Guillaume Latendresse.
10:40 of 3rd period - Shot Blocked by Vince Hinostroza.
10:42 of 3rd period - Wrist shot by Alex Chiasson.
10:42 of 3rd period - Stopped by Philipp Grubauer with a rebound.
10:44 of 3rd period - Snap shot by Evgeny Grachev.
10:44 of 3rd period - Shot Blocked by Drew Doughty.
10:46 of 3rd period - Wrist shot by Alex Chiasson.
10:46 of 3rd period - Shot Misses the Net.
10:48 of 3rd period - Slapshot by Andrej Sustr.
10:48 of 3rd period - Stopped by Philipp Grubauer without a rebound.
10:49 of 3rd period - Evgeny Kuznetsov wins face-off versus Boone Jenner in Sharks zone.
10:50 of 3rd period - Slapshot by Tobias Rieder.
10:50 of 3rd period - Goal by Tobias Rieder - Stars : 3 - Sharks : 2.
10:51 of 3rd period - Evgeny Kuznetsov wins face-off versus Boone Jenner in neutral zone.
11:01 of 3rd period - Off-side.
11:02 of 3rd period - Michael Grabner wins face-off versus Boone Jenner in neutral zone.
11:09 of 3rd period - Icing by Zach Parise.
11:10 of 3rd period - Boone Jenner wins face-off versus Sidney Crosby in Sharks zone.
11:43 of 3rd period - Snap shot by Sidney Crosby.
11:43 of 3rd period - Stopped by Philipp Grubauer with a rebound.
12:54 of 3rd period - Snap shot by Sidney Crosby.
12:54 of 3rd period - Shot Blocked by Drew Doughty.
15:05 of 3rd period - Minor Penalty to Zach Parise for Cross-checking.
15:06 of 3rd period - Evgeny Grachev wins face-off versus Conor Sheary in Sharks zone.
15:18 of 3rd period - Wrist shot by Guillaume Latendresse.
15:18 of 3rd period - Goal by Guillaume Latendresse - Stars : 4 - Sharks : 2.
15:19 of 3rd period - Beau Bennett wins face-off versus Evgeny Kuznetsov in neutral zone.
16:10 of 3rd period - Snap shot by Vince Hinostroza.
16:10 of 3rd period - Deflect By Andreas Martinsen.
16:10 of 3rd period - Stopped by Matt Murray without a rebound.
16:11 of 3rd period - Evgeny Kuznetsov wins face-off versus Brendan Gaunce in Stars zone.
16:18 of 3rd period - Icing by Tobias Rieder.
16:19 of 3rd period - Evgeny Kuznetsov wins face-off versus Oscar Sundqvist in Stars zone.
17:56 of 3rd period - Adam Tambellini is hit by Steven Stamkos and loses puck.
Goals for this period are 2 for Stars vs 0 for Sharks.
Shots for this period are 15 for Stars vs 6 for Sharks.
Output by the SimonT Hockey Simulator (STHS) for Francois Prevost